 Dungeon Crawl Stone Soup version 0.29.0-5-ge4962eb29e (webtiles) character file.

Game seed: 14960732610937566310

1672 sanka the Grappler (level 8, -3/74 HPs)
             Began as a Troll Monk on Aug 29, 2022.
             Was a Believer of Okawaru.
             Killed from afar by an electric eel (10 damage)
             ... with a bolt of electricity
             ... on level 6 of the Dungeon.
             The game lasted 00:07:04 (4646 turns).

sanka the Grappler (Troll Monk)                     Turns: 4646, Time: 00:07:05

Health: -3/74      AC:  4    Str: 22    XL:     8   Next: 70%
Magic:  0/10       EV: 10    Int:  6    God:    Okawaru [**....]
Gold:   243        SH:  0    Dex: 12    Spells: 7/7 levels left

rFire   + . .      SeeInvis .     - Unarmed
rCold   . . .      Faith    .   (no shield)
rNeg    . . .      Spirit   +   a - +0 robe
rPois   +          Reflect  .   (helmet restricted)
rElec   .          Harm     .   (no cloak)
rCorr   .          Rampage  .   (gloves unavailable)
Will    .....                   (boots unavailable)
Stlth   ++........              e - amulet of guardian spirit
HPRegen 1.02/turn               l - ring of protection from fire
MPRegen 0.12/turn               g - ring of poison resistance

@: no status effects
A: large, unfitting armour, claws 3, regeneration 1, shaggy fur 1, tough skin 1
a: Renounce Religion, Heroism


You were on level 6 of the Dungeon.
You worshipped Okawaru.
Okawaru was pleased with you.
You visited 2 branches of the dungeon, and saw 7 of its levels.

You collected 364 gold pieces.
You spent 121 gold pieces at shops.


Innate Abilities, Weirdness & Mutations

You are too large for most types of armour.
You have claws for hands.
Your natural rate of healing is unusually fast.
You are covered in fur. (AC +1)
You have tough skin. (AC +1)


   Skills:
 + Level 2.8 Fighting
 + Level 2.8 Dodging
 - Level 1.0 Stealth
 * Level 10.3 Unarmed Combat
 - Level 4.0 Invocations


You had 7 spell levels left.
You didn't know any spells.
Your spell library contained the following spells:

 Spells                   Type           Power      Damage    Failure   Level
 Freeze                   Ice            0%         1d3       45%         1
 Slow                     Hex            0%         N/A       45%         1
 Ensorcelled Hibernation  Hex/Ice        0%         N/A       58%         2
 Passwall                 Tmut/Erth      0%         N/A       58%         2
 Dazzling Flash           Conj/Hex       0%         N/A       83%         3
 Frozen Ramparts          Ice            0%         1d1       83%         3
 Spider Form              Tmut/Pois      0%         N/A       83%         3
 Swiftness                Air            0%         N/A       83%         3
 Anguish                  Hex/Necr       0%         N/A       99%         4
 Hailstorm                Conj/Ice       0%         3d3       99%         4
 Agony                    Necr           0%         N/A       100%        5
 Metabolic Englaciation   Hex/Ice        0%         N/A       100%        5
 Silence                  Hex/Air        0%         N/A       100%        5
 Polar Vortex             Ice            0%         N/A       100%        9
 Summon Mana Viper        Hex/Summ       Unusable   N/A       N/A         5

Inventory:

Hand Weapons
 A - a +4 falchion
Missiles
 x - 2 throwing nets {=f}
Armour
 a - a +0 robe (worn)
Jewellery
 e - an amulet of guardian spirit (around neck)
 g - a ring of poison resistance (right claw)
 k - a ring of positive energy
 l - a ring of protection from fire (left claw)
 B - a ring of resist corrosion
Wands
 w - a wand of digging (3)
 y - a wand of flame (18)
Scrolls
 d - 6 scrolls of identify {unknown}
 f - 3 scrolls of enchant armour {unknown}
 i - 3 scrolls of teleportation {@r4}
 j - a scroll of immolation {unknown}
 m - 2 scrolls of poison {unknown}
 r - 2 scrolls of vulnerability {unknown}
 v - a scroll of fog {unknown}
 C - a scroll of torment {unknown}
Potions
 b - 2 potions of ambrosia
 c - 6 potions of curing {unknown}
 h - 2 potions of lignification {unknown}
 n - a potion of magic {unknown}
 o - a potion of cancellation {unknown}
 p - 2 potions of brilliance {unknown}
 q - 2 potions of heal wounds {@q2}
 s - a potion of might {unknown}
 t - 2 potions of attraction {!q}
 u - a potion of flight {unknown}
 z - a potion of degeneration {unknown}

Dungeon Overview and Level Annotations

Branches:
Dungeon (6/15)             Temple (1/1) D:5

Altars:
Ashenzari
Cheibriados
Dithmenos
Elyvilon
Fedhas
Gozag
Hepliaklqana
Kikubaaqudgha
Makhleb
Nemelex Xobeh
Okawaru
Ru
Sif Muna
Trog
Uskayaw
Vehumet
Wu Jian
Xom
Yredelemnul
Zin
The Shining One

Shops:
D:4

* ▒P.♣≈S~~ ▒~~≈♣~P ▒PP~~.~ ~P~
▒.▒ ▒P~≈P~▒ P~~P~ ▒.▒ ▒PP~~.▒
▒~~♣P.▒▒.▒ ▒P♣~P.▒ ▒.PYPP.▒.▒
▒.~~P.▒ .P~P~P▒.▒ ▒P~~S.▒
▒~P~~~▒.▒ ▒P.~.T▒▒▒ ▒P~P~..▒
▒.......▒ ▒.▒▒..▒
▒.......▒▒▒▒▒.▒▒▒.▒
▒.......▒▒........▒
▒.......▒▒........▒
▒.......▒▒........▒
▒.......▒▒........▒▒▒▒
▒▒▒▒▒▒▒▒▒▒.......▒▒............
▒<...............▒▒............


You could see an electric eel.


Message History

The electric eel shoots out a bolt of lightning at you!
The bolt of electricity hits you!
The electric eel shoots out a bolt of lightning at you!
The bolt of electricity hits you!
* * * LOW HITPOINT WARNING * * *
A nearby plant withers and dies.
You closely miss the electric eel.
A nearby plant withers and dies.
The electric eel shoots out a bolt of lightning at you!
The bolt of electricity hits you!
* * * LOW HITPOINT WARNING * * *
You scratch the electric eel but do no damage.
The electric eel shoots out a bolt of lightning at you!
The bolt of electricity hits you!
* * * LOW HITPOINT WARNING * * *
You miss the electric eel. You barely miss the electric eel.
The electric eel shoots out a bolt of lightning at you!
The bolt of electricity hits you!
* * * LOW HITPOINT WARNING * * *
You miss the electric eel.
The electric eel shoots out a bolt of lightning at you!
The bolt of electricity misses you.
Aiming: Throw Flame
Aim: an electric eel (48% to hit)
The puff of flame hits the electric eel.
The electric eel is moderately wounded.
The electric eel shoots out a bolt of lightning at you!
The bolt of electricity hits you!
You die...

Action                   |  1- 3 |  4- 6 |  7- 9 || total
-------------------------+-------+-------+-------++-------
Melee: Unarmed           |    90 |   115 |   134 ||   339
       Punch             |     3 |     2 |     5 ||    10
Invok: Heroism           |       |       |     1 ||     1
Evoke: Wand              |       |       |     1 ||     1
 Stab: Sleeping          |     2 |       |     2 ||     4
Armor: Robe              |    16 |    30 |    20 ||    66
Dodge: Dodged            |    41 |    51 |    75 ||   167

Levels and vault maps discovered:
D:1:      onia_arrival_handbag, layout_loops_ring,
          shapermc_ecumenical_altar_mp_highgroup, nrook_mini_vaults
D:2:      layout_basic, uniq_robin, uniq_crazy_yiuf_cottage, uniq_terence
D:3:      layout_loops_ring, grunt_decor_fettered, nicolae_figureground_sparkle
D:4:      dreamdust_elfheim, layout_rooms, serial_curves, eino_curves_02,
          eino_curves_01, serial_shops, shop, minmay_bisected
D:5:      layout_basic, temple_statues
D:6:      layout_basic, palyth_stone_intersect, serial_bayou_lagoon_a,
          amcnicky_mini_pool_small
Temple:   nicolae_temple_bog_church

Notes
Turn   | Place    | Note
-------+----------+-------------------------------------------
     0 | D:1      | sanka the Troll Monk began the quest for the Orb.
     0 | D:1      | Reached XP level 1. HP: 22/22 MP: 0/0
   122 | D:1      | Reached XP level 2. HP: 29/29 MP: 1/1
   170 | D:1      | Found a faded altar of an unknown god.
   175 | D:1      | Got Sif Muna's Omnibus of Shivering Curses
   189 | D:1      | Reached skill level 4 in Unarmed Combat
   423 | D:1      | Reached XP level 3. HP: 35/36 MP: 2/2
   725 | D:2      | Noticed Terence
   740 | D:2      | Killed Terence
  1315 | D:2      | Reached XP level 4. HP: 44/44 MP: 3/3
  1419 | D:3      | Reached skill level 5 in Unarmed Combat
  1701 | D:3      | Reached XP level 5. HP: 48/50 MP: 2/4
  2131 | D:4      | Noticed a black bear
  2134 | D:4      | Reached skill level 6 in Unarmed Combat
  2139 | D:4      | Killed a black bear
  2140 | D:4      | Reached XP level 6. HP: 59/59 MP: 2/5
  2292 | D:4      | Reached skill level 7 in Unarmed Combat
  2379 | D:4      | Found Ven Cuelu's General Store.
  2392 | D:4      | Bought a potion of heal wounds for 55 gold pieces
  2392 | D:4      | Bought a scroll of teleportation for 33 gold pieces
  2392 | D:4      | Bought a potion of attraction for 33 gold pieces
  2684 | D:4      | Reached skill level 8 in Unarmed Combat
  2684 | D:4      | Reached XP level 7. HP: 11/66 MP: 1/6
  2888 | D:5      | Entered Level 5 of the Dungeon
  2959 | D:5      | Reached skill level 9 in Unarmed Combat
  3204 | D:5      | Found a staircase to the Ecumenical Temple.
  3216 | Temple   | Entered the Ecumenical Temple
  3382 | Temple   | Became a worshipper of Warmaster Okawaru
  3382 | Temple   | Reached * piety under Okawaru
  3382 | Temple   | Reached ** piety under Okawaru
  3569 | D:5      | Reached skill level 1 in Invocations
  3569 | D:5      | Reached XP level 8. HP: 67/74 MP: 6/8
  3610 | D:5      | Reached skill level 2 in Invocations
  3989 | D:6      | Reached skill level 10 in Unarmed Combat
  4117 | D:6      | Reached skill level 3 in Invocations
  4165 | D:6      | Reached skill level 4 in Invocations
  4644 | D:6      | HP: 6/74 [electric eel/bolt of electricity (12)]
  4646 | D:6      | Killed from afar by an electric eel

Vanquished Creatures
  2 black bears
  2 ogres
  A phantom (D:5)
  A necrophage (D:5)
  4 scorpions
  5 wights (D:6)
  5 hounds
  2 orc priests (D:4)
  3 jellies
  A gnoll bouda (D:5)
  2 iguanas
  Terence (D:2)
  An orc wizard (D:4)
  11 adders
  5 gnolls
  A shadow imp (D:3)
  3 ufetubi
  3 dart slugs
  12 orcs
  5 ball pythons
  3 bats
  9 endoplasms
  5 giant cockroaches
  6 goblins
  6 hobgoblins
  4 jackals (D:5)
  6 kobolds
  5 quokkas
  4 frilled lizards
  3 rats
121 creatures vanquished.

Vanquished Creatures (others)
  30 plants (D:6)
30 creatures vanquished.

Grand Total: 151 creatures vanquished
